 Dungeon Crawl Stone Soup version 0.27-a0-1331-g60ef6b6952 (webtiles) character file.

Game seed: 10068105195686744779

6583 gerbiili the Cleaver (level 11, -2/142 HPs)
             Began as a Hill Orc Wanderer on June 25, 2021.
             Was a Believer of Trog.
             Slain by a two-headed ogre (12 damage)
             ... on level 9 of the Dungeon.
             The game lasted 00:31:43 (8202 turns).

gerbiili the Cleaver (Hill Orc Wanderer)            Turns: 8202, Time: 00:31:44

Health: -2/142     AC: 15    Str: 23    XL:     11   Next: 1%
Magic:  12/12      EV:  9    Int: 14    God:    Trog [**....]
Gold:   334        SH:  4    Dex:  8    Spells: 12/12 levels left

rFire    . . .     SeeInvis .   a - +0 war axe
rCold    . . .     Faith    .   q - +0 buckler
rNeg     . . .     Spirit   .   z - +0 chain mail
rPois    .         Reflect  .   G - +0 helmet of Immorality {Str+4 Stlth+}
rElec    .         Harm     .   E - +0 cloak
rCorr    .         Rampage  .   H - +0 pair of gloves
Will     +....                  (no boots)
Stlth    ..........             h - amulet of regeneration
HPRegen  1.33/turn              n - ring of willpower
MPRegen  0.13/turn              (no ring)

@: berserking (expiring), very quick
A: no striking features
a: Renounce Religion, Berserk, Trog's Hand


You were on level 9 of the Dungeon.
You worshipped Trog.
Trog was pleased with you.
You visited 2 branches of the dungeon, and saw 10 of its levels.
You also visited: Sewer.

You collected 334 gold pieces.

Inventory:

Hand Weapons
 a - a +0 war axe (weapon)
 b - a +2 hand crossbow
 w - a +2 short sword of electrocution
Missiles
 d - 58 bolts
 t - 2 atropa-tipped darts
 y - a boomerang of dispersal
 D - 60 poisoned darts (quivered)
 O - 5 boomerangs
Armour
 q - a +0 buckler (worn)
 z - a +0 chain mail (worn)
 B - a +0 ring mail of cold resistance
 E - a +0 cloak (worn)
 G - the +0 helmet of Immorality (worn) {Str+4 Stlth+}
   (You took it off Robin on level 4 of the Dungeon)

   It affects your strength (+4).
   It makes you more stealthy.
 H - a +0 pair of gloves (worn)
Jewellery
 h - an amulet of regeneration (around neck)
 n - a ring of willpower (left hand)
 r - a ring of magical power
 A - a ring of positive energy
Wands
 e - a wand of mindburst (19)
 g - a wand of digging (6)
 C - a wand of paralysis (3)
 L - a wand of flame (38)
 M - a wand of polymorph (5)
Scrolls
 c - 2 scrolls of magic mapping
 f - 2 scrolls of fog
 i - a scroll of enchant armour {unknown}
 o - a scroll of immolation {unknown}
 p - a scroll of enchant weapon {unknown}
 u - 6 scrolls of teleportation
 F - a scroll of brand weapon
 I - a scroll of vulnerability {unknown}
 P - a scroll of fear
 R - a scroll of amnesia {unknown}
Potions
 j - 2 potions of might
 k - 3 potions of lignification
 l - 4 potions of magic
 m - 5 potions of heal wounds
 s - a potion of mutation
 v - a potion of haste
 J - 2 potions of curing
 Q - a potion of cancellation


   Skills:
 + Level 8.9 Fighting
 * Level 12.9 Axes
 - Level 2.6 Crossbows
 - Level 1.0 Throwing
 + Level 8.0 Armour
 + Level 4.8 Dodging
 - Level 1.0 Stealth
 - Level 4.0 Shields
 - Level 1.0 Spellcasting
 - Level 3.2 Translocations


You had 12 spell levels left.
You didn't know any spells.
Your spell library contained the following spells:

 Spells                   Type           Power      Damage    Failure   Level
 Apportation              Tloc           18%        N/A       38%         1
 Animate Skeleton         Necr           0%         N/A       85%         1
 Corona                   Hex            0%         N/A       85%         1
 Sting                    Tmut/Pois      0%         1d3       85%         1
 Summon Small Mammal      Summ           0%         N/A       85%         1
 Call Imp                 Summ           0%         N/A       94%         2
 Call Canine Familiar     Summ           0%         N/A       99%         3
 Inner Flame              Hex/Fire       0%         N/A       99%         3
 Spider Form              Tmut/Pois      0%         N/A       99%         3
 Summon Guardian Golem    Hex/Summ       0%         N/A       99%         3
 Summon Ice Beast         Ice/Summ       0%         N/A       100%        4
 Summon Lightning Spire   Summ/Air       0%         N/A       100%        4


Dungeon Overview and Level Annotations

Branches:
Dungeon (9/15)             Temple (1/1) D:7           Sewer (visited)
   Lair: D:8-11         Orc: D:9-12

Altars:
Ashenzari
Cheibriados
Dithmenos
Elyvilon
Fedhas
Gozag
Hepliaklqana
Kikubaaqudgha
Makhleb
Nemelex Xobeh
Okawaru
Qazlal
Ru
Sif Muna
Trog
Uskayaw
Vehumet
Wu Jian
Xom
Yredelemnul
Zin
The Shining One

Shops:
D:3 *

Annotations:
D:8 3 runed translucent doors


Message History

The death knight reflects your damage back at you!
* * * LOW HITPOINT WARNING * * *
The death knight's dark mirror aura disappears.
You slash the death knight!
The death knight is moderately wounded.
You block the death knight's attack.
You slash the death knight!
The death knight is heavily wounded.
You hit the death knight but do no damage.
The death knight is heavily wounded.
The death knight closely misses you.
You slice the death knight!!
The death knight is severely wounded.
You closely miss the death knight.
The death knight is severely wounded.
The death knight mumbles some strange prayers to Yredelemnul against you.
You resist with some effort.
You barely miss the death knight.
The death knight is severely wounded.
The death knight hits you with a +1 great mace of protection!
* * * LOW HITPOINT WARNING * * *
You hit the death knight.
The death knight is almost dead.
You slash the death knight!
The death knight is almost dead.
The death knight hits you with a +1 great mace of protection!!
* * * LOW HITPOINT WARNING * * *
You hit the death knight.
You kill the death knight!
Trog accepts your kill.
You hear the faint creaking of a distant portcullis.
Your Armour skill increases to level 8!
You have reached level 11!
You are too berserk!
You slice the two-headed ogre!!
The two-headed ogre is heavily wounded.
You slash the two-headed ogre!
The two-headed ogre is severely wounded.
The two-headed ogre hits you with a +0 giant club!
You die...

**,,,,,** #.# **8,,,,*,
**,,,** #.# *,,,,,,*,
**+** #.## *,,,,,,+, *,*
#..# *8,,,,,+, *,* ##.#
*,,,,,,+, **,** #.#
*,,,,,,*, **,,,** #.#
**8,,,,*, ***,,,,,* #.#
**,,8,*, *,,,,,,,* #@#
*******
*,***,*,*#######O##
,,,,,,*,,......yYZ#
,,,*,,,,*#######DZ#
,*,,,*,,* ###..###
,,***,,,* #......# ****
*,*,*,,,* **#.....Z#**
*,,, ,,+**,,,*
#.F##......# ****8*
**,,,*,****#..*#.....O#**
*,+,,,


You could see a two-headed ogre, a yak, a steam dragon, a killer bee, a hornet
zombie and a howler monkey zombie.

Vanquished Creatures
  A death knight (D:9)
  A two-headed ogre (D:9)
  Pikel (D:4)
  Maggie (D:6)
  5 slime creatures (D:8)
  Sigmund (D:6)
  A yak (D:9)
  A wyvern (D:9)
  Edmund (D:6)
  An acid dragon (D:9)
  A sky beast (D:5)
  A hornet zombie (D:7)
  2 ice beasts
  2 black bears
  3 ogres
  3 centaurs
  A lemure (D:4)
  2 kobold brigands
  4 bullfrogs
  A wyvern zombie (D:8)
  A water moccasin zombie (D:6)
  5 scorpions
  2 water moccasin skeletons (D:6)
  A killer bee (D:9)
  2 howler monkeys
  A bullfrog zombie (D:6)
  2 centaur zombies
  A bullfrog skeleton (D:5)
  2 jellies
  2 hounds
  6 orc priests
  3 iguanas (D:6)
  4 orc wizards
  Robin (D:4)
  6 river rats
  12 adders
  A howler monkey skeleton (D:6)
  A shadow imp (D:5)
  An ufetubus (D:5)
  A dart slug (D:5)
  25 orcs
  8 endoplasms
  A giant cockroach (D:3)
  17 goblins
  11 hobgoblins
  11 jackals
  12 kobolds
  4 quokkas
  13 ball pythons
  6 bats
  12 frilled lizards
  32 rats
241 creatures vanquished.

Vanquished Creatures (others)
  A human (D:6)
  4 plants (D:6)
5 creatures vanquished.

Grand Total: 246 creatures vanquished

Notes
Turn   | Place    | Note
-------+----------+-------------------------------------------
     0 | D:1      | gerbiili the Hill Orc Wanderer began the quest for the Orb.
     0 | D:1      | gerbiili set off with the following items: a +2 hand
                  | crossbow, 23 bolts, a +0 robe; and the following spells
                  | available to memorise: Corona, Sting, Inner Flame, Spider
                  | Form
     0 | D:1      | Reached XP level 1. HP: 14/14 MP: 2/2
   540 | D:1      | Reached skill level 1 in Fighting
   540 | D:1      | Reached XP level 2. HP: 23/23 MP: 3/3
   549 | D:1      | Reached skill level 1 in Armour
   555 | D:1      | Found a faded altar of an unknown god.
   795 | D:1      | Reached skill level 1 in Dodging
   795 | D:1      | Reached XP level 3. HP: 28/28 MP: 4/4
  1649 | D:2      | Found an ancient bone altar of Kikubaaqudgha.
  2209 | D:3      | Reached XP level 4. HP: 27/36 MP: 5/5
  2215 | D:3      | Reached skill level 1 in Axes
  2236 | D:3      | Found a glowing drain.
  2244 | Sewer    | Entered a sewer
  2498 | Sewer    | Reached skill level 2 in Axes
  2500 | Sewer    | Reached skill level 1 in Shields
  2596 | Sewer    | Reached XP level 5. HP: 35/42 MP: 6/6
  2996 | Sewer    | Reached skill level 3 in Axes
  3034 | Sewer    | HP: 1/45 [bullfrog (5)]
  3037 | Sewer    | Reached XP level 6. HP: 20/51 MP: 7/7
  3071 | Sewer    | Reached skill level 4 in Axes
  3207 | D:3      | Found an opulent altar of Gozag.
  3210 | D:3      | Found Gozag's Platinum Reserve.
  3381 | D:3      | Reached XP level 7. HP: 50/58 MP: 8/8
  3663 | D:3      | Reached skill level 5 in Axes
  4024 | D:4      | You fall into a shaft and drop 3 floors!
  4052 | D:7      | Found a staircase to the Ecumenical Temple.
  4057 | Temple   | Entered the Ecumenical Temple
  4300 | Temple   | Became a worshipper of Trog the Wrathful
  4369 | D:6      | Noticed Edmund
  4390 | D:5      | Entered Level 5 of the Dungeon
  4390 | D:5      | Found a stormy altar of Qazlal.
  4409 | D:5      | Noticed a water elemental
  4409 | D:5      | Noticed a fire elemental
  4409 | D:5      | Noticed an air elemental
  4493 | D:5      | Reached skill level 6 in Axes
  4598 | D:5      | Reached XP level 8. HP: 41/67 MP: 9/9
  4941 | D:4      | Identified the +0 helmet of Immorality {Str+4 Stlth+}
  4941 | D:4      | Noticed Robin
  4956 | D:4      | Killed Robin
  4957 | D:4      | Noticed Pikel
  4976 | D:4      | Reached * piety under Trog
  4993 | D:4      | Killed Pikel
  4994 | D:4      | Reached skill level 5 in Fighting
  4994 | D:4      | Reached skill level 8 in Axes
  4994 | D:4      | Reached skill level 5 in Armour
  5119 | D:4      | Found a broken altar of Ashenzari.
  5274 | D:5      | Found a burning altar of Makhleb.
  5540 | D:5      | Reached skill level 9 in Axes
  5540 | D:5      | Reached XP level 9. HP: 75/75 MP: 10/10
  5746 | D:6      | Noticed Sigmund
  5860 | D:6      | Killed Edmund
  5907 | D:6      | Killed Sigmund
  5911 | D:6      | Found an ancient bone altar of Kikubaaqudgha.
  5949 | D:6      | Reached ** piety under Trog
  6018 | D:6      | Reached skill level 10 in Axes
  6127 | D:6      | Noticed Maggie
  6142 | D:6      | Killed Maggie
  6908 | D:7      | Reached skill level 11 in Axes
  7227 | D:8      | Reached XP level 10. HP: 81/86 MP: 11/11
  7446 | D:8      | Found an iron altar of Okawaru.
  7827 | D:8      | Found a shimmering altar of Xom.
  7995 | D:8      | Reached *** piety under Trog
  8054 | D:8      | Found a runed translucent gate.
  8054 | D:8      | Found a runed translucent gate.
  8056 | D:8      | Found a runed translucent gate.
  8056 | D:8      | Noticed a green ugly thing
  8057 | D:8      | Noticed a purple ugly thing
  8058 | D:8      | Noticed a red ugly thing
  8058 | D:8      | Noticed a red ugly thing
  8109 | D:9      | Noticed a two-headed ogre
  8111 | D:9      | Noticed a death knight
  8121 | D:9      | Reached skill level 12 in Axes
  8152 | D:9      | Noticed a two-headed ogre
  8174 | D:9      | Killed a two-headed ogre
  8200 | D:9      | Killed a death knight
  8201 | D:9      | Reached XP level 11. HP: 8/95 MP: 12/12
  8202 | D:9      | Slain by a two-headed ogre

Illustrated notes

Levels and vault maps discovered:
D:1:      lightli_molten_gateway, layout_loops_ring, basic_ecumenical_altar
D:2:      layout_loops_ring, basic_altar, dk_noncrumbling_2,
          chequers_serial_rivers_small_a
D:3:      layout_loops_corners, nicolae_gozag_zags_fifth_avenue,
          portal_sewer_entry_e
D:4:      layout_rooms, nicolae_overflow_crystal_walls, uniq_robin, uniq_pikel
D:5:      layout_loops_ring, lemuel_round_altar,
          nicolae_qazlal_style_of_elements
D:6:      layout_cave_pools, tgw_kikubaaqudgha, minmay_lizard_king,
          uniq_sigmund, uniq_maggie, uniq_edmund
D:7:      layout_cave_pods, temple_doors_cd
D:8:      layout_basic, lemuel_doored_altar, xom_teletrap_fun,
          ploomutoo_gammafunk_ghost_potion_laboratory
D:9:      minmay_bloctagon, layout_loops_corners, gammafunk_ghost_cemetery,
          enter_bailey_8, amethyst_killhole, hangedman_decor_clover_reticule,
          minmay_fractal_squares_diagonal_5
Temple:   regret_index_temple_generic_petals

Skill      XL: |  1  2  3  4  5  6  7  8  9 10 |
---------------+-------------------------------+-----
Fighting       | 1 2 3 4 6 7 8 |  8.9
Armour         | 1 2 3 4 5 6 8 |  8.0
Dodging        | 1 3 4 |  4.8
Axes           | 2 3 4 6 9 11 12 | 12.9
Shields        | 1 2 3 4 |  4.0
Crossbows      | |  2.6
Throwing       | |  1.0
Stealth        | |  1.0
Spellcasting   | |  1.0
Translocations | |  3.2

Action                   |  1- 3 |  4- 6 |  7- 9 | 10-12 || total
-------------------------+-------+-------+-------+-------++-------
Melee: Spear             |   151 |       |       |       ||   151
       Unarmed           |    14 |       |       |       ||    14
       Short sword       |    43 |   198 |   362 |    53 ||   656
       Hand axe          |       |       |    14 |       ||    14
       War axe           |       |       |       |   112 ||   112
 Fire: Hand crossbow     |       |    12 |    15 |       ||    27
Throw: Stone             |     1 |       |       |       ||     1
       Dart              |       |     4 |    12 |       ||    16
       Boomerang         |       |       |     4 |       ||     4
Invok: Berserk           |       |       |       |     3 ||     3
       Trog's Hand       |       |       |       |     2 ||     2
Evoke: Wand              |       |       |     1 |       ||     1
  Use: Potion            |       |     2 |       |       ||     2
       Scroll            |       |     4 |     9 |     5 ||    18
 Stab: Sleeping          |     1 |       |       |       ||     1
Armor: Robe              |     9 |       |       |       ||     9
       Ring mail         |    68 |    81 |     1 |       ||   150
       Chain mail        |       |       |   246 |    93 ||   339
Dodge: Dodged            |    97 |   113 |   169 |    74 ||   453
Block: Buckler           |     1 |    23 |    62 |    23 ||   109

Table legend: (Time is in decaauts)
 A = Elapsed time spent in this place.
 B = Non-inter-level travel time spent in this place.
 C = Inter-level travel time spent in this place.
 D = Time resting spent in this place.
 E = Time spent auto-exploring this place.
 F = Levels seen in this place.
 G = Mean time per level.
                   A        B        C        D        E       F      G
               +--------+--------+--------+--------+--------+-----+--------+
         Total |   8388 |   8114 |    274 |    898 |   4993 |  11 |  762.5 |
       Dungeon |   7124 |   6884 |    240 |    626 |   4469 |   9 |  791.6 |
        Temple |    262 |    228 |     34 |      0 |    226 |   1 |  262.0 |
         Sewer |   1000 |   1000 |      0 |    272 |    297 |   1 | 1000.0 |
               +--------+--------+--------+--------+--------+-----+--------+

Top non-repeatable levels by time:
     D:1: 1280 daAuts
     D:3: 1141 daAuts
   Sewer: 1000 daAuts
     D:5: 943 daAuts
     D:8: 857 daAuts
     D:7: 814 daAuts
     D:6: 765 daAuts
     D:2: 723 daAuts
     D:4: 497 daAuts
  Temple: 262 daAuts
     D:9: 101 daAuts
